 Dungeon Crawl Stone Soup version 0.21.1-1-g345015fe64 (webtiles) character file.

174 Lavandula the Chopper (level 5, -1/67 HPs)
             Began as a Centaur Berserker on June 3, 2018.
             Was a Believer of Trog.
             Slain by a scorpion (5 damage)
             ... on level 4 of the Dungeon.
             The game lasted 00:03:49 (575 turns).

Lavandula the Chopper (Centaur Berserker)            Turns: 575, Time: 00:03:50

Health: -1/67      AC:  4    Str: 26    XL:     5   Next: 28%
Magic:  5/5        EV:  9    Int: 12    God:    Trog [**....]
Gold:   56         SH:  0    Dex:  8    Spells: 4/4 levels left

rFire    . . .     SeeInvis .   a - +0 hand axe
rCold    . . .     Gourm    .   (no shield)
rNeg     . . .     Faith    .   b - +0 animal skin
rPois    .         Spirit   .   (no helmet)
rElec    .         Reflect  .   (no cloak)
rCorr    .         Harm     .   (no gloves)
MR       .....                  (no barding)
Stlth    ..........             (no amulet)
HPRegen  0.21/turn              i - +6 ring of intelligence
MPRegen  0.09/turn              (no ring)

@: berserking, lethally poisoned (-1 -> -3), very quick
A: large, hooves 3, deformed body, speed 2, tough skin 3
a: Berserk, Trog's Hand, Burn Spellbooks, Renounce Religion


You were on level 4 of the Dungeon.
You worshipped Trog.
Trog was pleased with you.
You were near starving.

You visited 1 branch of the dungeon, and saw 4 of its levels.

You collected 56 gold pieces.

Inventory:

Hand Weapons
 a - a +0 hand axe (weapon)
Armour
 b - a +0 animal skin (worn)
Jewellery
 i - a +6 ring of intelligence (left hand)
Scrolls
 e - a scroll of noise {unknown}
 f - 3 scrolls of remove curse {unknown}
 h - a scroll of enchant weapon {unknown}
 k - a scroll of blinking {unknown}
 l - a scroll of fog {unknown}
 m - a scroll of teleportation {unknown}
Potions
 d - a potion of agility
 g - a potion of haste {unknown}
 j - a potion of heal wounds {unknown}
Comestibles
 c - a ration


   Skills:
 - Level 3.1 Fighting
 + Level 5.4 Axes
 - Level 1.4 Armour
 - Level 1.4 Dodging


You had 4 spell levels left.
You didn't know any spells.

Dungeon Overview and Level Annotations

Branches:
Dungeon (4/15)
 Temple: D:4-7

Altars:
Hepliaklqana


Innate Abilities, Weirdness & Mutations

You have hooves in place of feet.
Armour fits poorly on your strangely shaped body.
You cover ground very quickly.
You have extremely tough skin. (AC +3)


Message History

You slash the ogre!
You kill the ogre!
Trog accepts your kill.
Your Axes skill increases to level 5!
You have reached level 5!
You hit the scorpion.
The scorpion is moderately wounded.
You hit the scorpion. Your kick misses the scorpion.
The scorpion is moderately wounded.
The scorpion closely misses you.
You closely miss the scorpion. Your kick misses the scorpion.
The scorpion is moderately wounded.
The scorpion stings you.
* * * LOW HITPOINT WARNING * * *
You are poisoned.
The scorpion poisons you!
You closely miss the scorpion.
The scorpion is moderately wounded.
You feel sick. The scorpion stings you.
You die...

##### #...# ########.@.#
.........s.#
...........#
...........#
######+#...# #########
#.....+ ...#...
#.....########.#.####
......#.................
#####.#.#########.#.####


You could see a scorpion.

Vanquished Creatures
  An ogre (D:4)
  A hound (D:4)
  4 gnolls (D:2)
  A worm (D:2)
  A leopard gecko (D:2)
  3 bats
  A hobgoblin (D:2)
  4 kobolds
  2 quokkas
  2 frilled lizards
  4 goblins
  3 rats
27 creatures vanquished.

Notes
Turn   | Place    | Note
-------+----------+-------------------------------------------
     0 | D:1      | Lavandula the Centaur Berserker began the quest for the Orb.
     0 | D:1      | Reached XP level 1. HP: 19/19 MP: 1/1
    70 | D:2      | Found a hazy altar of Hepliaklqana.
    85 | D:2      | Reached skill level 3 in Axes
   112 | D:2      | Reached XP level 2. HP: 21/26 MP: 2/2
   112 | D:2      | Reached XP level 3. HP: 25/31 MP: 3/3
   116 | D:2      | Reached skill level 4 in Axes
   194 | D:4      | Reached XP level 4. HP: 30/38 MP: 4/4
   450 | D:3      | Reached ** piety under Trog
   553 | D:4      | Noticed an ogre
   571 | D:4      | Killed an ogre
   571 | D:4      | Reached skill level 5 in Axes
   571 | D:4      | Reached XP level 5. HP: 8/45 MP: 5/5
   575 | D:4      | Slain by a scorpion

Skill      XL: |  1  2  3  4 |
---------------+-------------+-----
Axes           | 3 4 5 |  5.4
Fighting       | |  3.1
Armour         | |  1.4
Dodging        | |  1.4

Action                   |  1- 3 |  4- 6 || total
-------------------------+-------+-------++-------
Melee: Hand axe          |    21 |    33 ||    54
       Kick              |     4 |    10 ||    14
Invok: Berserk           |     2 |     2 ||     4
  Use: Potion            |       |     2 ||     2
Armor: Animal skin       |     3 |     7 ||    10
Dodge: Dodged            |     7 |    20 ||    27
